 Dungeon Crawl Stone Soup version 0.31.0-12-g77e489cdc1 (webtiles) character file.

Game seed: 7432222429931266224

10530 jagang the Fighter (level 11, -3/93 HPs)
             Began as a Human Monk on Feb 21, 2024.
             Was a Priest of the Shining One.
             Slain by an ettin
             ... wielding a +0 dire flail
              (26 damage)
             ... on level 1 of the Orcish Mines.
             The game lasted 00:34:00 (10630 turns).

jagang the Fighter (Human Monk)                    Turns: 10630, Time: 00:34:03

Health: -3/93      AC: 19    Str: 12    XL:     11   Next: 63%
Magic:  0/26       EV:  5    Int: 13    God:    the Shining One [***...]
Gold:   424        SH:  0    Dex: 26    Spells: 10/10 levels left

rFire   . . .        d - +6 long sword (freeze)
rCold   + . .        (no shield)
rNeg    + . .        n - +0 plate armour
rPois   .            (no helmet)
rElec   .            E - +1 cloak of Starshine {rC+ Int+3}
rCorr   .            v - +0 pair of gloves
SInv    .            O - +1 pair of boots {rampage}
Will    .....        C - amulet of guardian spirit Stlth
                     s - ring of magical power
HPRegen 0.35/turn    Q - +6 ring of dexterity
MPRegen 0.20/turn

%: guardian spirit, rampage
@: glowing
A: explore regen
a: Renounce Religion, Divine Shield, Cleansing Flame


You were on level 1 of the Orcish Mines.
You worshipped the Shining One.
The Shining One was most pleased with you.
You visited 3 branches of the dungeon, and saw 12 of its levels.
You also visited: Ossuary and Bailey.

You collected 1132 gold pieces.
You spent 708 gold pieces at shops.

Inventory:

Hand Weapons
 d - a +6 long sword of freezing (weapon)
 f - a +0 great sword of chaos
 G - a +2 long sword of freezing
 V - a +0 scimitar
Missiles
 e - 29 poisoned darts
 l - 22 curare-tipped darts
 t - 2 javelins
 A - 5 datura-tipped darts (quivered)
 K - 22 boomerangs
Armour
 n - a +0 plate armour (worn)
 v - a +0 pair of gloves (worn)
 E - the +1 cloak of Starshine (worn) {rC+ Int+3}
   (You found it on level 4 of the Dungeon)

   Int+3:     It affects your intelligence (+3).
   rC+:       It protects you from cold.
 O - a +1 pair of boots of rampaging (worn)
Jewellery
 h - a ring of fire
 r - an amulet of the acrobat
 s - a ring of magical power (left hand)
 w - a +6 ring of intelligence
 C - an amulet of guardian spirit (around neck)
 D - a +6 ring of strength
 Q - a +6 ring of dexterity (right hand)
 U - an amulet of magic regeneration
Wands
 o - a wand of paralysis (23)
 q - a wand of flame (17)
 N - a wand of light (3)
 R - a wand of mindburst (8)
Scrolls
 k - a scroll of amnesia
 p - 6 scrolls of teleportation
 u - 4 scrolls of enchant armour
 y - 2 scrolls of noise
 B - 3 scrolls of immolation
 F - 2 scrolls of enchant weapon
 H - 2 scrolls of fog
 L - a scroll of fear
 M - 2 scrolls of vulnerability
 P - a scroll of silence
 T - 2 scrolls of identify
Potions
 a - 3 potions of might {unknown}
 b - 2 potions of lignification {unknown}
 c - 2 potions of ambrosia
 g - 2 potions of enlightenment {unknown}
 i - a potion of mutation {unknown}
 j - a potion of heal wounds
 m - 3 potions of berserk rage {unknown}
 x - 3 potions of invisibility {unknown}
 z - 3 potions of curing {unknown}
 I - 2 potions of haste {unknown}
 J - a potion of resistance {unknown}
 S - a potion of cancellation {unknown}


   Skills:
 + Level 11.3 Fighting
 * Level 9.0 Long Blades
 - Level 2.4 Throwing
 * Level 8.3 Armour
 - Level 3.0 Dodging
 + Level 2.4 Shields
 + Level 8.0 Invocations


You had 10 spell levels left.
You didn't know any spells.
Your spell library contained the following spells:

 Spells                   Type           Power      Damage    Failure   Level
 Apportation              Tloc           0%         N/A       100%        1
 Magic Dart               Conj           0%         1d3       100%        1
 Sandblast                Erth           0%         2d4       100%        1
 Blink                    Tloc           0%         N/A       100%        2
 Call Imp                 Summ           0%         N/A       100%        2
 Jinxbite                 Hex            0%         N/A       100%        2
 Passwall                 Erth           0%         N/A       100%        3
 Stone Arrow              Conj/Erth      0%         3d7       100%        3
 Brom's Barrelling Bould  Conj/Erth      0%         2d3       100%        4
 Summon Blazeheart Golem  Fire/Summ      0%         N/A       100%        4
 Alistair's Intoxication  Alch           0%         N/A       100%        5
 Orb of Destruction       Conj           0%         9d5       100%        7
 Spellforged Servitor     Conj/Summ      0%         N/A       100%        7


Dungeon Overview and Level Annotations

Branches:
Dungeon (10/15)            Temple (1/1) D:6             Orc (1/2) D:10
Ossuary (visited)          Bailey (visited)
   Lair: D:8-11

Altars:
Ashenzari
Cheibriados
Dithmenos
Elyvilon
Fedhas
Gozag
Hepliaklqana
Kikubaaqudgha
Makhleb
Nemelex Xobeh
Okawaru
Qazlal
Ru
Sif Muna
Trog
Uskayaw
Vehumet
Wu Jian
Xom
Yredelemnul
Zin
The Shining One

Shops:
D:9 (=?:   Orc:1 ((

Annotations:
D:9 1 runed translucent door


Innate Abilities, Weirdness & Mutations

You regain HP and MP as you explore.


Message History

The orc warlord resists with some effort.
The warg looks frightened!
The orc warrior looks frightened!
The orc wizard looks frightened!
The warg looks frightened!
The orc warrior looks frightened!
The orc looks frightened!
The troll looks frightened!
The ettin looks frightened!
The orc warrior looks frightened!
The orc looks frightened!
The orc priest looks frightened!
The orc wizard looks frightened!
The orc looks frightened!
The orc wizard casts a spell.
The orc wizard flickers and vanishes for a moment.
The orc wizard gestures wildly while chanting.
The orc wizard flickers and vanishes!
Deactivating autopickup; reactivate with Ctrl-A.
You hear a shout!
Throw: 8 darts (datura)
Press: ? - help, Q - select action, (/) - cycle Shift-Dir - straight line, f/p - ettin
Aim: an ettin, wielding two +0 dire flails (heavily wounded, fleeing, extremely poisoned, haloed, 97% to hit, chance to frenzy on hit: 3%)
You throw a datura-tipped dart. The datura-tipped dart hits the ettin.
The ettin resists.
Your attack snaps the ettin out of its fear.
The ettin is heavily wounded.
Throw: 7 darts (datura)
Press: ? - help, Q - select action, (/) - cycle Shift-Dir - straight line, f/p - ettin
Aim: an ettin, wielding two +0 dire flails (heavily wounded, very poisoned, haloed, 97% to hit, chance to frenzy on hit: 3%)
You throw a datura-tipped dart. The datura-tipped dart hits the ettin!
The ettin resists.
The ettin is heavily wounded.
The ettin hits you but does no damage. The ettin barely misses you.
Throw: 6 darts (datura)
Press: ? - help, Q - select action, (/) - cycle Shift-Dir - straight line, f/p - ettin
Aim: an ettin, wielding two +0 dire flails (heavily wounded, very poisoned, haloed, 97% to hit, chance to frenzy on hit: 3%)
You throw a datura-tipped dart. The datura-tipped dart hits the ettin.
The ettin resists.
The ettin is heavily wounded.
The orc warlord roars a battlecry!
The orcs go into a battle-frenzy!
The troll starts to cry.
An orc comes into view. It is wielding a +0 short sword.
The ettin hits you with a +0 dire flail!!
You die...

#.........##.##.#.####.....
##........##.###### ...
####.........# ##.##....##
#####....# ##. ##.#.##
.#...##...##
......)∩.#.##.##
......∩∩@C..o$.#
#......∩.((.....
.........$(.#..#
...$.......(...h
.......$o.{(o..o
...........#o.#.
.....$.....o.$..
...........oo..


You could see an orc warlord, an ettin (very poisoned), a warg (fleeing), 2 orc
warriors, an orc priest (strong, fleeing) and 4 orcs.

Vanquished Creatures
  A centaur warrior (D:10)
  A boulder beetle (D:8)
  A two-headed ogre (D:8)
  An orc knight (Bailey)
  Maggie (D:8)
  A troll (D:10)
  Grinder (D:5)
  A hornet (D:8)
  2 wraiths
  A spriggan (shapeshifter) (D:9)
  9 yaks (D:9)
  A water moccasin (D:5)
  An ice beast (D:7)
  6 orc warriors
  A black bear (D:6)
  7 ogres
  2 centaurs
  A phantom (D:4)
  A weeping skull (Ossuary)
  5 kobold brigands
  3 bullfrogs
  8 scorpions
  A water moccasin zombie (Ossuary)
  13 wights
  9 killer bees
  A howler monkey (D:9)
  A centaur zombie (Ossuary)
  2 bullfrog zombies (Ossuary)
  A jelly (D:6)
  2 bombardier beetles
  4 hounds
  4 orc priests
  3 gnoll boudas
  2 iguanas
  2 sleepcaps
  10 orc wizards
  A scorpion zombie (Ossuary)
  15 gnolls
  7 adders
  2 white imps (D:5)
  2 ufetubi (D:5)
  2 adder zombies (Ossuary)
  2 dart slugs
  A ribbon worm (D:4)
  41 orcs
  4 ball pythons
  9 endoplasms
  6 giant cockroaches
  2 gnoll zombies (Ossuary)
  10 goblins
  6 hobgoblins
  7 jackals
  18 kobolds
  3 quokkas
  11 bats
  17 frilled lizards
  3 goblin zombies (Ossuary)
  3 hobgoblin zombies (Ossuary)
  6 orc zombies (Ossuary)
  6 rats
295 creatures vanquished.

Vanquished Creatures (collateral kills)
  3 orc warriors (Bailey)
  4 kobold brigands (Bailey)
  A centaur zombie (Ossuary)
8 creatures vanquished.

Vanquished Creatures (others)
  A water moccasin zombie (Ossuary)
1 creature vanquished.

Grand Total: 304 creatures vanquished

Notes
Turn   | Place    | Note
-------+----------+-------------------------------------------
     0 | D:1      | jagang the Human Monk began the quest for the Orb.
     0 | D:1      | Reached XP level 1. HP: 18/18 MP: 1/1
   143 | D:1      | Reached XP level 2. HP: 21/24 MP: 2/2
   332 | D:1      | Reached skill level 1 in Armour
   764 | D:2      | Reached XP level 3. HP: 29/29 MP: 3/3
  1553 | D:3      | Reached XP level 4. HP: 37/37 MP: 4/4
  1629 | D:3      | Found a hide-covered altar of Uskayaw.
  1671 | D:3      | Reached skill level 4 in Fighting
  2060 | D:3      | Reached skill level 1 in Throwing
  2060 | D:3      | Reached XP level 5. HP: 42/42 MP: 5/5
  2657 | D:4      | Found a snail-covered altar of Cheibriados.
  2770 | D:4      | Identified the +1 cloak of Starshine {rC+ Int+3}
  2889 | D:4      | Noticed a phantom
  2907 | D:4      | Killed a phantom
  2908 | D:4      | Reached XP level 6. HP: 33/50 MP: 6/6
  3270 | D:5      | Entered Level 5 of the Dungeon
  3303 | D:5      | Noticed Grinder
  3307 | D:5      | Paralysed by Grinder for 5 turns
  3315 | D:5      | Paralysed by Grinder for 2 turns
  3322 | D:5      | Paralysed by Grinder for 2 turns
  3324 | D:5      | Killed Grinder
  3325 | D:5      | Reached skill level 5 in Fighting
  3325 | D:5      | Reached skill level 1 in Invocations
  3325 | D:5      | Reached XP level 7. HP: 31/56 MP: 7/7
  3603 | D:5      | Reached skill level 6 in Fighting
  3797 | D:5      | Found an opulent altar of Gozag.
  3908 | D:5      | Reached XP level 8. HP: 49/65 MP: 10/10
  4131 | D:5      | Reached skill level 5 in Long Blades
  4915 | D:5      | Reached skill level 7 in Fighting
  5242 | D:6      | Found a staircase to the Ecumenical Temple.
  5251 | Temple   | Entered the Ecumenical Temple
  5628 | D:6      | Reached XP level 9. HP: 67/73 MP: 12/12
  5748 | D:6      | Reached skill level 8 in Fighting
  5748 | D:6      | Reached skill level 5 in Armour
  6091 | D:6      | Reached skill level 5 in Invocations
  6219 | D:7      | Found a sand-covered staircase.
  6330 | D:7      | Found a glowing silver altar of Zin.
  6330 | D:7      | Found a broken altar of Ashenzari.
  6345 | D:7      | Reached skill level 9 in Fighting
  6456 | Ossuary  | Entered an ossuary
  6631 | Ossuary  | Reached XP level 10. HP: 83/83 MP: 14/14
  6681 | D:7      | You fall into a shaft and drop 2 floors!
  6872 | D:8      | Found a glowing golden altar of the Shining One.
  6874 | D:8      | Became a worshipper of the Shining One
  6874 | D:8      | Reached * piety under the Shining One
  6874 | D:8      | Reached ** piety under the Shining One
  6885 | D:8      | Found a flagged portal.
  6921 | Bailey   | Entered a bailey
  6954 | Bailey   | HP: 3/84 [kobold brigand/+0 war axe (7)]
  6959 | Bailey   | Noticed an orc knight
  6974 | Bailey   | HP: 1/84 [orc knight/+0 broad axe (6)]
  6981 | Bailey   | Killed an orc knight
  7287 | Bailey   | Reached skill level 10 in Fighting
  7299 | Bailey   | HP: 1/85 [orc warrior/+0 battleaxe (13)]
  7556 | Bailey   | Found an iron altar of Okawaru.
  7604 | D:8      | Found a shimmering altar of Xom.
  8485 | D:8      | Found a transporter.
  8486 | D:8      | Found a transporter.
  8486 | D:8      | Noticed a boulder beetle
  8515 | D:8      | Killed a boulder beetle
  8561 | D:8      | Noticed a two-headed ogre
  8583 | D:8      | Killed a two-headed ogre
  8584 | D:8      | Reached skill level 11 in Fighting
  8584 | D:8      | Reached XP level 11. HP: 45/93 MP: 12/16
  8888 | D:8      | Found a stormy altar of Qazlal.
  8943 | D:8      | Noticed Maggie
  8949 | D:8      | Killed Maggie
  9134 | D:9      | Found a runed translucent door.
  9137 | D:9      | Noticed a sixfirhy
  9314 | D:9      | Found Elene's Self-Published Books.
  9331 | D:9      | Reached skill level 1 in Shields
  9412 | D:9      | Found Yttoisei's Magic Scroll Boutique.
  9420 | D:9      | Bought a scroll of identify for 24 gold pieces
  9420 | D:9      | Bought a scroll of fog for 48 gold pieces
  9420 | D:9      | Bought a scroll of identify for 24 gold pieces
  9712 | D:9      | Found Wano Gaff's Jewellery Boutique.
  9719 | D:9      | Bought a +6 ring of dexterity for 612 gold pieces
  9870 | D:9      | Found a basalt altar of Yredelemnul.
  9941 | D:9      | Found Ohudgh's Antique Weapon Shoppe.
 10001 | D:10     | Entered Level 10 of the Dungeon
 10079 | D:10     | Identified the +8 spear "Baxkouwi" {venom, ^Contam +Blink
                  | rC+++ MP+9}
 10087 | D:10     | Noticed a centaur warrior
 10101 | D:10     | Killed a centaur warrior
 10219 | D:10     | Noticed a six-headed hydra
 10489 | D:10     | Found a staircase to the Orcish Mines.
 10528 | Orc:1    | Entered Level 1 of the Orcish Mines
 10544 | Orc:1    | Found Zaawu's Antique Weapon Shoppe.
 10603 | Orc:1    | Found Usaseot's Antique Weapon Boutique.
 10615 | Orc:1    | Noticed an ettin
 10622 | Orc:1    | Reached *** piety under the Shining One
 10624 | Orc:1    | Noticed an orc warlord
 10630 | Orc:1    | Slain by an ettin

Illustrated notes

Levels and vault maps discovered:
D:1:      shiori_arrival_elements, layout_loops_ring
D:2:      layout_loops_cross, minmay_misc_feat_rows
D:3:      layout_loops_ring, mainiacjoe_overflow_24_doors, minmay_lizard_king
D:4:      minmay_spotlight, layout_cave_pools,
          mainiacjoe_overflow_six_doors_small, hangedman_decor_diamond_cutter,
          kennysheep_generic_room_14
D:5:      layout_gridville, grunt_gozag_statues,
          hangedman_abyss_or_decor_passed, grunt_ministairs_2,
          serial_bayou_lagoon_b, uniq_grinder
D:6:      old_forge, layout_basic, temple_green, chequers_avenue
D:7:      layout_basic, amethyst_overflow_temple_binary,
          lightli_ossuary_entry_decrepit_ruins,
          serial_library_hellmonk_hallway_a
D:8:      gammafunk_boulding_lane, layout_cave_pools,
          nicolae_qazlal_eye_of_the_storm, mainiacjoe_overflow_boulevard,
          old_standard_altar, enter_bailey_5, eino_tiny_chamber,
          feat_on_display, uniq_maggie
D:9:      cheibrodos_shockbox, layout_basic, yredelemnul_altar_generic,
          serial_shops, nicolae_shop_hallway_plus, shop,
          nicolae_shop_dealshenge, nicolae_custom_books, kennysheep_just_a_vault
D:10:     minmay_tri_box, layout_basic, hiddenorc1_lemuel
Temple:   dshaligram_water_room_temple
Orc:1:    gammafunk_beogh_shrine, layout_caves, serial_shops,
          nicolae_shop_crystal, shop, nicolae_shop_tiny_statue_garden,
          nicolae_shop_pleasant_corner_grove, nicolae_shop_dealshenge

Skill      XL: |  1  2  3  4  5  6  7  8  9 10 11 |
---------------+----------------------------------+-----
Armour         | 1 2 3 4 5 7 8 |  8.3
Fighting       | 4 5 6 7 9 11 | 11.3
Throwing       | 1 2 |  2.4
Long Blades    | 4 5 6 8 9 |  9.0
Invocations    | 1 2 4 5 7 8 |  8.0
Shields        | 2 |  2.4
Dodging        | |  3.0

Action                     |  1- 3 |  4- 6 |  7- 9 | 10-12 || total
---------------------------+-------+-------+-------+-------++-------
  Melee: Falchion          |    88 |    11 |       |       ||    99
         Long sword        |       |   118 |    96 |   249 ||   463
         Great sword       |       |       |   304 |    14 ||   318
         Punch             |       |       |       |     6 ||     6
  Throw: Dart              |     1 |     4 |    23 |    48 ||    76
         Javelin           |       |       |     2 |       ||     2
         Boomerang         |       |       |       |     2 ||     2
         Throwing net      |       |       |       |     1 ||     1
 Invoke: Divine Shield     |       |       |       |     2 ||     2
  Evoke: Wand              |       |       |       |     4 ||     4
    Use: Scroll            |       |     4 |     6 |    12 ||    22
         Potion            |       |       |       |     3 ||     3
   Stab: Distracted        |       |       |     1 |       ||     1
 Armour: Robe              |    11 |       |       |       ||    11
         Ring mail         |    27 |    60 |       |       ||    87
         Scale mail        |       |     8 |   121 |       ||   129
         Chain mail        |       |       |   369 |    76 ||   445
         Plate armour      |       |       |       |   191 ||   191
  Dodge: Dodged            |    57 |    65 |   333 |   113 ||   568
  Block: Other             |       |       |       |     7 ||     7
